 Dungeon Crawl Stone Soup version 0.29-a0-563-g64e4043184 (webtiles) character file.

Game seed: 13432978614458044604

9857 spaghetti the Protected (level 11, -2/63 HPs)
             Began as a Vine Stalker Berserker on June 12, 2022.
             Was an Elder of Trog.
             Slain by an eight-headed hydra (7 damage)
             ... on level 11 of the Dungeon.
             The game lasted 00:11:41 (6879 turns).

spaghetti the Protected (Vine Stalker Berserker)    Turns: 6879, Time: 00:11:41

Health: -2/63      AC: 24    Str: 23    XL:     11   Next: 53%
Magic:  0/12       EV:  8    Int:  6    God:    Trog [****..]
Gold:   446        SH:  0    Dex: 15    Spells: 10/10 levels left

rFire   . . .      SeeInvis .   u - +7 lajatang of Order {silver, rMut, staff}
rCold   . . .      Faith    .   (shield currently unavailable)
rNeg    + . .      Spirit   +   r - +0 plate armour
rPois   +          Reflect  .   (no helmet)
rElec   .          Harm     .   o - +2 ratskin cloak {*Rats rPois rN+ Str-1 Int-1 Dex+1}
rCorr   .          Rampage  .   s - +0 pair of gloves
rMut    +                       (no boots)
Will    +....                   (no amulet)
Stlth   ..........              J - +4 ring of slaying
HPRegen 1.00/turn               w - +4 ring of protection
MPRegen 0.13/turn

@: confused, ambrosia-drunk, on berserk cooldown
A: fangs 3, regeneration 1, magic shield, antimagic bite, no potion heal 2
a: Renounce Religion, Berserk, Trog's Hand, Brothers in Arms


You were on level 11 of the Dungeon.
You worshipped Trog.
Trog was greatly pleased with you.
You visited 1 branch of the dungeon, and saw 10 of its levels.

You collected 545 gold pieces.
You spent 99 gold pieces at shops.


Innate Abilities, Weirdness & Mutations

You have razor-sharp teeth.
Your natural rate of healing is unusually fast.
When hurt, damage is shared between your health and your magic reserves.
Your bite disrupts and absorbs the magic of your enemies.
Potions cannot restore your health.


   Skills:
 - Level 10.0 Fighting
 - Level 4.3 Polearms
 + Level 11.6 Armour
 - Level 1.5 Dodging
 - Level 3.1 Unarmed Combat


You had 10 spell levels left.
You didn't know any spells.
Your spell library contained the following spells:

 Spells                   Type           Power      Damage    Failure   Level
 Beastly Appendage        Tmut           0%         N/A       99%         1
 Wereblood                Tmut           0%         N/A       100%        2
 Confusing Touch          Hex            0%         N/A       100%        3
 Dazzling Flash           Conj/Hex       0%         N/A       100%        3
 Ozocubu's Armour         Ice            0%         N/A       100%        3
 Spider Form              Tmut/Pois      0%         N/A       100%        3
 Agony                    Necr           0%         N/A       100%        5
 Silence                  Hex/Air        0%         N/A       100%        5
 Yara's Violent Unravell  Hex/Tmut       0%         3d3       100%        5
 Enfeeble                 Hex            0%         N/A       100%        7
 Malign Gateway           Summ/Tloc      0%         N/A       100%        7
 Ozocubu's Refrigeration  Ice            0%         4d5       100%        7
 Summon Horrible Things   Summ           0%         N/A       100%        8

Inventory:

Hand Weapons
 c - a +2 demon trident of electrocution {polearm}
   (You found it on level 1 of the Dungeon)
 u - the +7 lajatang of Order (weapon) {silver, rMut, staff}
   (You found it on level 4 of the Dungeon)

   It inflicts extra damage upon those it strikes, and deals substantially
   increased damage to chaotic, mutated and magically transformed beings.
   rMut:      It protects you from mutation.
 v - the +10 spear of Impatience {venom, rF+ rC++ Str-5 Int+9 Dex-5, polearm}
   (You found it on level 4 of the Dungeon)

   It poisons the flesh of those it strikes.
   Str:       It affects your strength (-5).
   Int:       It affects your intelligence (+9).
   Dex:       It affects your dexterity (-5).
   rF:        It protects you from fire.
   rC:        It greatly protects you from cold.
 M - the +5 mace "Japoneo" {vorpal, rC+, mace}
   (You found it on level 10 of the Dungeon)

   It inflicts extra damage upon your enemies.
   rC:        It protects you from cold.
Missiles
 d - 386 stones (quivered) {throwing}
 l - 4 throwing nets {=f!fthrowing}
 m - 13 poisoned darts {throwing}
 A - 6 boomerangs {throwing}
Armour
 a - a +0 animal skin
 o - the +2 ratskin cloak (worn) {*Rats rPois rN+ Str-1 Int-1 Dex+1}
   (You found it on level 3 of the Dungeon)

   When the wearer is hurt, rats may emerge from it to assist them.
   Str:       It affects your strength (-1).
   Int:       It affects your intelligence (-1).
   Dex:       It affects your dexterity (+1).
   rPois:     It protects you from poison.
   rN:        It protects you from negative energy.
 r - a +0 plate armour (worn)
   (You found it on level 3 of the Dungeon)
 s - a +0 pair of gloves (worn)
   (You bought it in a shop on level 1 of the Dungeon)
Magical Staves
 g - a staff of conjuration {forbidden!a@e2staff}
   (You found it on level 2 of the Dungeon)
Jewellery
 e - a +6 ring of dexterity
   (You found it on level 2 of the Dungeon)
 q - a ring of resist corrosion
   (You found it on level 3 of the Dungeon)
 t - a ring of ice
   (You found it on level 4 of the Dungeon)
 w - a +4 ring of protection (right hand)
   (You found it on level 4 of the Dungeon)
 E - a +6 ring of intelligence
   (You found it on level 6 of the Dungeon)
 I - a ring of willpower
   (You found it on level 9 of the Dungeon)
 J - a +4 ring of slaying (left hand)
   (You found it on level 9 of the Dungeon)
Wands
 y - a wand of flame (36)
   (You found it on level 5 of the Dungeon)
 G - a wand of acid (9)
   (You found it on level 7 of the Dungeon)
 N - a wand of iceblast (3)
   (You found it on level 10 of the Dungeon)
Scrolls
 h - 2 scrolls of immolation {!r!r}
 n - 2 scrolls of enchant armour {unknown}
 x - a scroll of magic mapping {!r}
 B - 3 scrolls of fear
 C - a scroll of silence {!r}
 F - 2 scrolls of enchant weapon
 H - a scroll of summoning {unknown}
 K - a scroll of blinking {!r}
 L - a scroll of teleportation {@r4}
 O - a scroll of poison {unknown}
 P - a scroll of amnesia {unknown}
 S - a scroll of vulnerability {!r!r}
Potions
 b - 9 potions of curing {unknown}
 f - 3 potions of haste {unknown}
 i - 3 potions of heal wounds {unknown}
 j - 3 potions of berserk rage {unknown}
 k - 3 potions of flight {unknown}
 p - 4 potions of brilliance {unknown}
 z - a potion of lignification {unknown}
 D - 2 potions of resistance {unknown}
 R - a potion of ambrosia

Dungeon Overview and Level Annotations

Branches:
Dungeon (11/15)            Temple (0/1) D:7            Lair (0/6) D:10
    Orc: D:9-12

Altars:
Hepliaklqana

Shops:
D:1 [(:   D:9 !   D:10 (

Annotations:
D:10 1 transporter, benadryl's ghost, novice TrTm

.............
...........?##
..............#
..)..........#
#...........#
#........r..#
#.......O...#
#.......D...#
#..!.(..@...#
#..(........#
#...........#
#...........#
#.......<...#
#...........#
#........(..#
#####...<†..#
#.....[.#


You could see an eight-headed hydra (corroded, drained, ally target), a friendly
two-headed ogre (summoned, berserk) and a friendly hell rat.


Message History

Your mp is fully restored (12).
You miss something.
Something draws life force from you. 😕 HP[-3] MP[-1]
You take 3 damage, and now have 58/63 hp.
You lost 1 mp, and now have 11/12 mp.
You hit something. Trog accepts your kill.
Trog appreciates your killing of a magic user.
Reactivating autopickup.
You feel a bit more experienced. 😕 HP[+2]
You regained 2 hp, and now have 60/63 hp.
There is an escape hatch in the ceiling, spattered with blood here.
You see here a +0 dagger {short}. 😕 HP[+1] 😎 HP[+2] MP[+1]
Your hp is fully restored (63).
Your mp is fully restored (12).
You start waiting.
You feel yourself speed up.
A seven-headed hydra comes into view.
The seven-headed hydra roars!
A seven-headed hydra is nearby!
Unknown command.
A seven-headed hydra is nearby!
There is a stone staircase leading up here.
Unknown command.
You're still recovering from your berserk rage.
The seven-headed hydra bites you but does no damage. x7
You lop one of the seven-headed hydra's heads off!
The six-headed hydra grows two more!
You hit the eight-headed hydra. You bite the eight-headed hydra.
You drain its power. The eight-headed hydra bites you.
The eight-headed hydra bites you but does no damage. x5
The eight-headed hydra completely misses you.
The eight-headed hydra bites you but does no damage.
The eight-headed hydra bites you.
The eight-headed hydra barely misses you. x2
The eight-headed hydra bites you!
A hell rat scurries out from under your cloak.
The eight-headed hydra bites you.
The eight-headed hydra bites you but does no damage. x2
The eight-headed hydra bites you. 😮 HP[-21] MP[-5]
You take 21 damage, and now have 42/63 hp.
MASSIVE DAMAGE!! (PAUSE)
You lost 5 mp, and now have 7/12 mp.
Aiming: Corrosive Bolt
Press: ? - help, Shift-Dir - straight line, f - eight-headed hydra
Aim: an eight-headed hydra (lightly wounded, ally target, 90% to hit)
The bolt of acid hits the eight-headed hydra!
The acid corrodes the eight-headed hydra!
Your hell rat barely misses the eight-headed hydra.
The eight-headed hydra bites you but does no damage. x5
The eight-headed hydra bites you!
The eight-headed hydra closely misses you.
The eight-headed hydra bites you!
* * * LOW HITPOINT WARNING * * *
😨 HP[-14] MP[-2]
You take 14 damage, and now have 28/63 hp.
MASSIVE DAMAGE!! (PAUSE)
You lost 2 mp, and now have 5/12 mp.
Your two-headed ogre goes berserk!
Your hell rat bites the eight-headed hydra!
Your hell rat drains the eight-headed hydra!
The eight-headed hydra bites you but does no damage.
The eight-headed hydra bites you!
* * * LOW HITPOINT WARNING * * *
The eight-headed hydra bites you but does no damage. x3
The eight-headed hydra barely misses you.
The eight-headed hydra bites you but does no damage. x2 😨 HP[-7] MP[-1]
You take 7 damage, and now have 21/63 hp.
You lost 1 mp, and now have 4/12 mp.
Unknown command.
Unknown command.
Your hell rat barely misses the eight-headed hydra. 😨 HP[+1] Unknown command.
Unknown command.
The eight-headed hydra attacks as you move away!
The eight-headed hydra bites you but does no damage. x5
The eight-headed hydra closely misses you.
The eight-headed hydra barely misses you.
The eight-headed hydra bites you!
* * * LOW HITPOINT WARNING * * *
There is a stone staircase leading up here. 😨 HP[-6] MP[-1]
You take 6 damage, and now have 16/63 hp.
You lost 1 mp, and now have 3/12 mp.
Okay, then.
You are confused.
Your system rejects the healing.
You feel invigorated. The eight-headed hydra bites you!
* * * LOW HITPOINT WARNING * * *
The eight-headed hydra bites you!
* * * LOW HITPOINT WARNING * * *
The eight-headed hydra bites you.
* * * LOW HITPOINT WARNING * * *
The eight-headed hydra bites you!
You die...

Skill      XL: |  1  2  3  4  5  6  7  8  9 10 11 |
---------------+----------------------------------+-----
Polearms       | 1 2 3 4 |  4.3
Fighting       | 4 5 7 10 | 10.0
Armour         | 2 6 10 11 | 11.6
Dodging        | |  1.5
Unarmed Combat | |  3.1

Action                   |  1- 3 |  4- 6 |  7- 9 | 10-12 || total
-------------------------+-------+-------+-------+-------++-------
Melee: Unarmed           |    14 |       |       |       ||    14
       Demon trident     |    40 |    49 |       |       ||    89
       Bite              |     9 |    13 |    30 |    39 ||    91
       Punch             |     2 |     1 |       |       ||     3
       Lajatang          |       |    33 |   110 |   151 ||   294
Invok: Berserk           |       |     2 |     4 |     6 ||    12
       Trog's Hand       |       |       |     1 |     1 ||     2
       Brothers in Arms  |       |       |       |     1 ||     1
Evoke: Wand              |       |       |       |     1 ||     1
  Use: Scroll            |     2 |       |     4 |     2 ||     8
       Potion            |       |       |       |     1 ||     1
 Stab: Sleeping          |     6 |       |       |       ||     6
       Distracted        |       |       |       |     1 ||     1
Armor: Animal skin       |    12 |     4 |       |       ||    16
       Plate armour      |       |    27 |   108 |   248 ||   383
Dodge: Dodged            |    28 |    25 |    39 |   101 ||   193

Levels and vault maps discovered:
D:1:      nagdon_arrival_double_spiral, layout_loops_corners, serial_shops,
          nicolae_shop_window_shopping, nicolae_shop_advertising_works
          [nicolae_subvault_shop_adworks], nicolae_shop_overgrown_old_shop,
          hellmonk_ecumenical_altar_pennies_from_heaven, roderic_lattice_a,
          minmay_misc_feat_secret_circle
D:2:      layout_basic, minivault_4
D:3:      layout_rooms
D:4:      layout_loops_cross, uniq_sigmund, uniq_natasha
D:5:      layout_cave_pods, old_standard_altar, minmay_misc_feat_hallway,
          grunt_decor_clamped
D:6:      layout_rooms, gup_sewer_entry_spiral, minmay_divided_ellipse
D:7:      layout_gridville, minmay_temple_entry_ruins, uniq_joseph
D:9:      layout_basic, serial_shops, shop
D:10:     layout_basic, erik_lair_island, gammafunk_ghost_smash, serial_shops,
          nicolae_stop_n_shop_1, minivault_7
D:11:     hangedman_what_comes_after_a, layout_cross, hiddenorc1_lemuel,
          dk_noncrumbling_2, minmay_guarded_unrand_resistance

Notes
Turn   | Place    | Note
-------+----------+-------------------------------------------
     0 | D:1      | spaghetti the Vine Stalker Berserker began the quest for
                  | the Orb.
     0 | D:1      | Reached XP level 1. HP: 11/11 MP: 2/2
     0 | D:1      | magus.rc [v1.9.6]
   138 | D:1      | Found Kovokhlal's Antique Armour Shoppe.
   448 | D:1      | Reached XP level 2. HP: 16/16 MP: 3/3
   486 | D:1      | Found a faded altar of an unknown god.
   527 | D:1      | Found Hemoff's Book Boutique.
   564 | D:1      | Found Matet's Antique Weapon Boutique.
   581 | D:1      | Reached skill level 1 in Polearms
  1231 | D:2      | Reached XP level 3. HP: 13/19 MP: 4/4
  1253 | D:2      | Reached skill level 2 in Polearms
  1255 | D:2      | HP: 4/19 [poisoned by an adder]
  1731 | D:2      | Gained mutation: Your natural rate of healing is unusually
                  | fast. [Vine Stalker growth]
  1731 | D:2      | Reached XP level 4. HP: 19/23 MP: 5/5
  1758 | D:2      | Reached skill level 3 in Polearms
  1922 | D:2      | Reached ** piety under Trog
  2069 | D:3      | HP: 3/34 [gnoll/+0 club (6)]
  2075 | D:3      | Reached XP level 5. HP: 5/28 MP: 2/6
  2264 | D:3      | Found the +2 ratskin cloak {*Rats rPois rN+ Str-1 Int-1
                  | Dex+1}
  2278 | D:3      | You pick up a book of the Senses {forbidden} and begin
                  | reading...
  2278 | D:3      | You add the spells Dazzling Flash, Agony and Silence to
                  | your library.
  2663 | D:1      | Bought a pair of gloves for 99 gold pieces
  2755 | D:4      | Reached skill level 4 in Polearms
  2775 | D:4      | Found the +7 lajatang of Order {silver, rMut}
  2873 | D:4      | You add the spells Malign Gateway and Summon Horrible
                  | Things to your library.
  2895 | D:4      | Noticed Sigmund
  2903 | D:4      | Killed Sigmund
  2904 | D:4      | Reached skill level 4 in Fighting
  2904 | D:4      | Reached XP level 6. HP: 31/34 MP: 3/7
  3025 | D:4      | Identified the +10 spear of Impatience {venom, rF+ rC++
                  | Str-5 Int+9 Dex-5}
  3026 | D:4      | Noticed Natasha
  3029 | D:4      | Killed Natasha
  3217 | D:4      | Noticed Natasha
  3222 | D:4      | Killed Natasha
  3332 | D:4      | Reached skill level 5 in Fighting
  3336 | D:4      | Reached XP level 7. HP: 39/39 MP: 8/8
  3429 | D:5      | Entered Level 5 of the Dungeon
  3673 | D:5      | Found a hazy altar of Hepliaklqana.
  4214 | D:6      | Reached skill level 6 in Fighting
  4404 | D:6      | Reached skill level 7 in Fighting
  4404 | D:6      | Gained mutation: You have razor-sharp teeth. [Vine Stalker
                  | growth]
  4404 | D:6      | Reached XP level 8. HP: 46/46 MP: 9/9
  4425 | D:6      | Reached *** piety under Trog
  4646 | D:6      | Reached skill level 8 in Fighting
  4728 | D:6      | Noticed a cyclops
  4728 | D:6      | Noticed a manticore
  4732 | D:6      | Reached skill level 9 in Fighting
  4735 | D:6      | HP: 18/73 [manticore (6)]
  4736 | D:6      | Killed a cyclops
  4737 | D:6      | Reached skill level 10 in Fighting
  4737 | D:6      | Reached skill level 2 in Armour
  4737 | D:6      | Reached XP level 9. HP: 15/54 MP: 2/10
  4738 | D:6      | Killed a manticore
  4739 | D:6      | Reached skill level 3 in Armour
  4795 | D:6      | You add the spells Ozocubu's Armour and Ozocubu's
                  | Refrigeration to your library.
  4922 | D:6      | Reached skill level 4 in Armour
  5053 | D:7      | You pick up a book of Changes {forbidden} and begin
                  | reading...
  5053 | D:7      | You add the spells Beastly Appendage, Wereblood and Spider
                  | Form to your library.
  5058 | D:7      | You pick up a book of Misfortune {forbidden} and begin
                  | reading...
  5058 | D:7      | You add the spells Confusing Touch, Yara's Violent
                  | Unravelling and Enfeeble to your library.
  5070 | D:7      | Found a staircase to the Ecumenical Temple.
  5070 | D:7      | Noticed Joseph
  5077 | D:7      | Killed Joseph
  5078 | D:7      | Reached skill level 5 in Armour
  5084 | D:7      | Reached **** piety under Trog
  5097 | D:7      | Reached skill level 6 in Armour
  5128 | D:7      | Reached XP level 10. HP: 56/59 MP: 11/11
  5212 | D:7      | Reached skill level 7 in Armour
  5414 | D:7      | You fall into a shaft and drop 2 floors!
  5633 | D:9      | Found Cudugh Racocs's Distillery.
  5788 | D:9      | Noticed a two-headed ogre
  5795 | D:9      | Killed a two-headed ogre
  5796 | D:9      | Reached skill level 8 in Armour
  6074 | D:10     | Entered Level 10 of the Dungeon
  6074 | D:10     | Found Aben Pau's Weapon Emporium.
  6135 | D:10     | Reached skill level 9 in Armour
  6150 | D:10     | Noticed a two-headed ogre
  6151 | D:10     | Found a transporter.
  6151 | D:10     | Noticed benadryl's ghost (novice TrTm)
  6151 | D:10     | Noticed a two-headed ogre
  6169 | D:10     | Identified the +5 mace "Japoneo" {vorpal, rC+}
  6180 | D:10     | Identified the +10 dire flail of Trog {vorpal, rF+ Will+}
  6180 | D:10     | Noticed a two-headed ogre
  6352 | D:10     | Noticed a two-headed ogre
  6358 | D:10     | Killed a two-headed ogre
  6359 | D:10     | Reached skill level 10 in Armour
  6359 | D:10     | Reached XP level 11. HP: 22/63 MP: 5/12
  6415 | D:10     | Found a staircase to the Lair.
  6503 | D:10     | You pick up a book of the Senses {forbidden} and begin
                  | reading...
  6769 | D:10     | Reached skill level 11 in Armour
  6827 | D:11     | Noticed a manticore
  6827 | D:11     | Noticed a six-headed hydra
  6833 | D:11     | Killed a nine-headed hydra
  6836 | D:11     | Killed a manticore
  6870 | D:11     | Noticed a seven-headed hydra
  6878 | D:11     | HP: 15/63 [eight-headed hydra (7)]
  6879 | D:11     | HP: 7/63 [eight-headed hydra (6)]
  6879 | D:11     | Slain by an eight-headed hydra

Vanquished Creatures
  A hydra (D:11)
  2 two-headed ogres
  2 manticores
  Joseph (D:7)
  A queen bee (D:10)
  3 trolls (D:10)
  Sigmund (D:4)
  A vampire (D:11)
  A wraith (D:9)
  A shadow (D:9)
  5 yaks (D:10)
  3 steam dragons
  4 acid dragons
  A water moccasin (D:7)
  2 orc warriors (D:7)
  An ice beast (D:5)
  A black bear (D:6)
  A sky beast (D:6)
  An ogre (D:6)
  3 wolves (D:10)
  5 centaurs
  A phantom (D:7)
  A bullfrog (D:7)
  A gnoll sergeant (D:9)
  2 scorpions
  21 killer bees
  3 electric eels (D:10)
  2 howler monkeys (D:7)
  3 hounds (D:10)
  A jelly (D:6)
  An orc priest (D:7)
  A gnoll shaman (D:6)
  6 iguanas
  Natasha (twice) (D:4)
  3 orc wizards
  14 gnolls
  11 adders
  4 white imps
  2 ufetubi
  A worm (D:2)
  A dart slug (D:3)
  12 orcs
  2 ball pythons
  2 endoplasms (D:2)
  4 giant cockroaches
  5 goblins
  6 hobgoblins
  7 kobolds
  11 quokkas
  5 bats
  2 frilled lizards
  10 rats
188 creatures vanquished.

Vanquished Creatures (collateral kills)
  A cyclops (D:6)
  A steam dragon (D:7)
  An orc wizard (D:7)
3 creatures vanquished.

Vanquished Creatures (others)
  7 toadstools (D:1)
7 creatures vanquished.

Grand Total: 198 creatures vanquished

Table legend:
 A = Non-vault XP
 B = Vault XP
 C = Vault XP percentage of total XP
 D = Non-vault monster count
 E = Vault monster count
 F = Vault count percentage of total count
                 A         B        C        D         E       F
            +---------+---------+-------+---------+---------+-------
      Total |    9194 |    4888 |  34.7 |     142 |      49 |  25.7
            +---------+---------+-------+---------+---------+-------
        D:1 |      24 |       0 |   0.0 |      15 |       0 |   0.0
        D:2 |      94 |       0 |   0.0 |      23 |       0 |   0.0
        D:3 |      67 |       0 |   0.0 |       9 |       0 |   0.0
        D:4 |     183 |     261 |  58.8 |      22 |       2 |   8.3
        D:5 |     188 |       0 |   0.0 |       4 |       0 |   0.0
        D:6 |     531 |    2038 |  79.3 |      18 |      21 |  53.8
        D:7 |    1468 |     439 |  23.0 |      21 |       1 |   4.5
        D:9 |    1778 |       0 |   0.0 |      12 |       0 |   0.0
       D:10 |    3258 |    2150 |  39.8 |      15 |      25 |  62.5
       D:11 |    1603 |       0 |   0.0 |       3 |       0 |   0.0
            +---------+---------+-------+---------+---------+-------

Illustrated notes

Table legend:
 A = Kills in this place as a percentage of kills in entire the game.
 B = Kills by you in this place as a percentage of kills by you in the entire game.
 C = Kills by friends in this place as a percentage of kills by friends in the entire game.
 D = Other kills in this place as a percentage of other kills in the entire game.
 E = Experience gained in this place as a percentage of experience gained in the entire game.
 F = Experience gained in this place divided by the number of levels of this place that you have seen.
                   A       B       C       D       E      F
               +-------+-------+-------+-------+-------+----------------------
         Total | 100.0 | 100.0 | 100.0 |   N/A | 100.0 | 1408.2
       Dungeon | 100.0 | 100.0 | 100.0 |   N/A | 100.0 | 1408.2
               +-------+-------+-------+-------+-------+----------------------

Table legend: (Time is in decaauts)
 A = Elapsed time spent in this place.
 B = Non-inter-level travel time spent in this place.
 C = Inter-level travel time spent in this place.
 D = Time resting spent in this place.
 E = Time spent auto-exploring this place.
 F = Levels seen in this place.
 G = Mean time per level.
                   A        B        C        D        E       F      G
               +--------+--------+--------+--------+--------+-----+--------+
         Total |   7126 |   6736 |    390 |    138 |   5459 |  10 |  712.6 |
       Dungeon |   7126 |   6736 |    390 |    138 |   5459 |  10 |  712.6 |
               +--------+--------+--------+--------+--------+-----+--------+

Top non-repeatable levels by time:
     D:1: 1247 daAuts
     D:2: 910 daAuts
     D:6: 892 daAuts
    D:10: 816 daAuts
     D:5: 761 daAuts
     D:4: 722 daAuts
     D:9: 674 daAuts
     D:3: 596 daAuts
     D:7: 436 daAuts
    D:11: 67 daAuts
